% Time on Ice - LONG BEACH BARACUDAS
Lines # - Real PCT - Wanted PCT - Time Play
Normal Forward
1 - 37% - 37% - 19:11
2 - 31% - 30% - 16:17
3 - 25% - 25% - 13:17
4 - 7% - 8% - 3:36
Normal Defense
1 - 37% - 36% - 19:07
2 - 32% - 31% - 16:37
3 - 24% - 23% - 12:32
4 - 8% - 10% - 4:05
PP Forward
1 - 38% - 55% - 1:31
2 - 62% - 45% - 2:27
PP Defense
1 - 48% - 55% - 1:54
2 - 52% - 45% - 2:04
PK Forward
1 - 73% - 55% - 2:21
2 - 27% - 45% - 0:52
PK Defense
1 - 47% - 55% - 1:31
2 - 53% - 45% - 1:42
PK3 Forward
1 - 0% - 55%
2 - 0% - 45%
PK3 Defense
1 - 0% - 55%
2 - 0% - 45%
44 Forward
1 - 0% - 55%
2 - 0% - 45%
44 Defense
1 - 0% - 55%
2 - 0% - 45%
Last Minute Offensive  - 0:28
Last Minute Defensive  - 0:00
Total
Forward - 60:00
Defense - 60:00
% Time on Ice - COLORADO GLACIERCATS
Lines # - Real PCT - Wanted PCT - Time Play
Normal Forward
1 - 34% - 35% - 17:47
2 - 33% - 35% - 17:29
3 - 24% - 25% - 12:27
4 - 9% - 5% - 4:50
Normal Defense
1 - 33% - 35% - 17:33
2 - 33% - 30% - 17:21
3 - 24% - 23% - 12:24
4 - 10% - 12% - 5:15
PP Forward
1 - 51% - 60% - 1:39
2 - 49% - 40% - 1:34
PP Defense
1 - 49% - 50% - 1:34
2 - 51% - 50% - 1:39
PK Forward
1 - 53% - 50% - 2:07
2 - 47% - 50% - 1:51
PK Defense
1 - 66% - 55% - 2:36
2 - 34% - 45% - 1:22
PK3 Forward
1 - 0% - 55%
2 - 0% - 45%
PK3 Defense
1 - 0% - 50%
2 - 0% - 50%
44 Forward
1 - 0% - 50%
2 - 0% - 50%
44 Defense
1 - 0% - 50%
2 - 0% - 50%
Last Minute Offensive  - 0:00
Last Minute Defensive  - 0:16
Total
Forward - 60:00
Defense - 60:00
Play-by-Play 1st period 0:01 of 1st period - Sidney Crosby wins face-off versus Patrice Bergeron in neutral zone. 0:25 of 1st period - Shot by Patrice Bergeron. 0:25 of 1st period - Stopped by Darcy Kuemper without a rebound. 0:26 of 1st period - Jordan Staal wins face-off versus Steven Stamkos in LONG BEACH BARACUDAS zone. 0:29 of 1st period - Shot by Jordan Staal. 0:29 of 1st period - Shot Blocked by Jordan Oesterle. 0:31 of 1st period - Shot by Jordan Staal. 0:31 of 1st period - Stopped by Darcy Kuemper without a rebound. 0:32 of 1st period - Nolan Patrick wins face-off versus Paul Byron in LONG BEACH BARACUDAS zone. 0:59 of 1st period - Shot by Paul Byron. 0:59 of 1st period - Shot Misses the Net. 1:01 of 1st period - Shot by Paul Byron. 1:01 of 1st period - Deflect By Zach Aston-Reese. 1:01 of 1st period - Shot Misses the Net. 1:09 of 1st period - Shot by Paul Byron. 1:09 of 1st period - Deflect By Lucas Wallmark. 1:09 of 1st period - Stopped by Darcy Kuemper with a rebound. 1:31 of 1st period - Icing by Ryan Ellis. 1:32 of 1st period - Steven Stamkos wins face-off versus Jordan Staal in COLORADO GLACIERCATS zone. 1:47 of 1st period - Shot by Steven Stamkos. 1:47 of 1st period - Shot Blocked by Ryan Ellis. 1:49 of 1st period - Shot by Steven Stamkos. 1:49 of 1st period - Stopped by Pekka Rinne with a rebound. 1:53 of 1st period - Shot by Steven Stamkos. 1:53 of 1st period - Deflect By Kyle Connor. 1:53 of 1st period - Shot Misses the Net. 1:55 of 1st period - Shot by Elias Lindholm. 1:55 of 1st period - Shot Blocked by Shea Weber. 4:31 of 1st period - Icing by Justin Schultz. 4:32 of 1st period - Derick Brassard wins face-off versus Jordan Staal in LONG BEACH BARACUDAS zone. 4:32 of 1st period - Derick Brassard is hit by Jordan Staal. 4:37 of 1st period - Off-side. 4:38 of 1st period - Sam Reinhart wins face-off versus Jordan Staal in neutral zone. 5:14 of 1st period - Sidney Crosby is hit by Ryan Ellis and loses puck. 5:34 of 1st period - Off-side. 5:35 of 1st period - Jay Beagle wins face-off versus Nolan Patrick in neutral zone. 5:50 of 1st period - Shot by Nolan Patrick. 5:50 of 1st period - Deflect By Kyle Palmieri. 5:50 of 1st period - Shot Misses the Net. 6:23 of 1st period - Off-side. 6:24 of 1st period - Patrice Bergeron wins face-off versus Steven Stamkos in neutral zone. 6:38 of 1st period - Icing by Elias Lindholm. 6:39 of 1st period - Lucas Wallmark wins face-off versus Steven Stamkos in LONG BEACH BARACUDAS zone. 7:03 of 1st period - Shot by Elias Lindholm. 7:03 of 1st period - Shot Blocked by Ilya Lyubushkin. 7:53 of 1st period - Jordan Oesterle is hit by Ilya Lyubushkin and loses puck. 8:21 of 1st period - Off-side. 8:22 of 1st period - Jordan Staal wins face-off versus Nolan Patrick in neutral zone. 8:45 of 1st period - Shot by Nolan Patrick. 8:45 of 1st period - Shot Misses the Net. 8:47 of 1st period - Shot by Nolan Patrick. 8:47 of 1st period - Stopped by Pekka Rinne without a rebound. 8:48 of 1st period - Patrice Bergeron wins face-off versus Steven Stamkos in COLORADO GLACIERCATS zone. 8:48 of 1st period - Patrice Bergeron is hit by Elias Lindholm. 9:13 of 1st period - Off-side. 9:14 of 1st period - Sidney Crosby wins face-off versus Artemi Panarin in neutral zone. 9:41 of 1st period - Shot by Taylor Hall. 9:41 of 1st period - Stopped by Pekka Rinne without a rebound. 9:42 of 1st period - Patrice Bergeron wins face-off versus Nolan Patrick in COLORADO GLACIERCATS zone. 9:51 of 1st period - Shot by Patrice Bergeron. 9:51 of 1st period - Stopped by Darcy Kuemper without a rebound. 9:52 of 1st period - Carl Hagelin wins face-off versus Steven Stamkos in LONG BEACH BARACUDAS zone. 10:13 of 1st period - Shot by Kyle Connor. 10:13 of 1st period - Shot Misses the Net. 10:19 of 1st period - Shot by Elias Lindholm. 10:19 of 1st period - Stopped by Pekka Rinne without a rebound. 10:20 of 1st period - Jordan Staal wins face-off versus Sidney Crosby in COLORADO GLACIERCATS zone. 10:20 of 1st period - Jordan Staal is hit by Sam Reinhart. 10:36 of 1st period - Ryan Ellis is hit by Sidney Crosby and loses puck. 11:13 of 1st period - Icing by Shea Weber. 11:14 of 1st period - Jordan Staal wins face-off versus Nolan Patrick in COLORADO GLACIERCATS zone. 11:19 of 1st period - Shot by Artemi Panarin. 11:19 of 1st period - Shot Misses the Net. 11:30 of 1st period - Brad Richardson is hit by Ben Lovejoy and loses puck. 11:42 of 1st period - Icing by Ben Lovejoy. 11:43 of 1st period - Steven Stamkos wins face-off versus Patrice Bergeron in COLORADO GLACIERCATS zone. 12:14 of 1st period - Shot by Steven Stamkos. 12:14 of 1st period - Shot Misses the Net. 12:16 of 1st period - Shot by Elias Lindholm. 12:16 of 1st period - Shot Misses the Net. 12:18 of 1st period - Shot by Steven Stamkos. 12:18 of 1st period - Stopped by Pekka Rinne without a rebound. 12:19 of 1st period - Sidney Crosby wins face-off versus Lucas Wallmark in COLORADO GLACIERCATS zone. 12:39 of 1st period - Icing by Shea Weber. 12:40 of 1st period - Lucas Wallmark wins face-off versus Nolan Patrick in COLORADO GLACIERCATS zone. 12:40 of 1st period - Lucas Wallmark is hit by Brad Richardson. 13:04 of 1st period - Shot by Zach Aston-Reese. 13:04 of 1st period - Shot Misses the Net. 13:06 of 1st period - Shot by Zach Aston-Reese. 13:06 of 1st period - Deflect By Lucas Wallmark. 13:06 of 1st period - Stopped by Darcy Kuemper without a rebound. 13:07 of 1st period - Jordan Staal wins face-off versus Sidney Crosby in LONG BEACH BARACUDAS zone. 13:54 of 1st period - Brayden Schenn is hit by Sidney Crosby and loses puck. 14:02 of 1st period - Icing by John Klingberg. 14:03 of 1st period - Jordan Staal wins face-off versus Steven Stamkos in COLORADO GLACIERCATS zone. 14:19 of 1st period - Shot by Steven Stamkos. 14:19 of 1st period - Stopped by Pekka Rinne without a rebound. 14:20 of 1st period - Patrice Bergeron wins face-off versus Nolan Patrick in COLORADO GLACIERCATS zone. 14:41 of 1st period - Shot by Joe Pavelski. 14:41 of 1st period - Shot Misses the Net. 14:54 of 1st period - Joe Pavelski is hit by Zachary Werenski and loses puck. 15:29 of 1st period - Minor Penalty to Alex Pietrangelo for Hooking. 15:30 of 1st period - Jordan Staal wins face-off versus Derick Brassard in LONG BEACH BARACUDAS zone. 16:31 of 1st period - Shot by Ryan Ellis. 16:31 of 1st period - Stopped by Darcy Kuemper without a rebound. 16:32 of 1st period - Patrice Bergeron wins face-off versus Derick Brassard in LONG BEACH BARACUDAS zone. 18:23 of 1st period - Shot by Paul Byron. 18:23 of 1st period - Shot Misses the Net. 19:14 of 1st period - Shot by Shea Weber. 19:14 of 1st period - Shot Blocked by Brandon Montour. 19:16 of 1st period - Shot by Jordan Staal. 19:16 of 1st period - Stopped by Darcy Kuemper with a rebound. 19:18 of 1st period - Shot by Ryan Ellis. 19:18 of 1st period - Stopped by Darcy Kuemper without a rebound. 19:19 of 1st period - Steven Stamkos wins face-off versus Joe Pavelski in LONG BEACH BARACUDAS zone. 19:50 of 1st period - Shot by Patrice Bergeron. 19:50 of 1st period - Stopped by Darcy Kuemper without a rebound. 19:51 of 1st period - Jordan Staal wins face-off versus Nolan Patrick in LONG BEACH BARACUDAS zone. 19:56 of 1st period - Shot by Artemi Panarin. 19:56 of 1st period - Shot Blocked by Brandon Montour. 19:58 of 1st period - Shot by Brayden Schenn. 19:58 of 1st period - Shot Hit the Post. Goals for this period are 0 for LONG BEACH BARACUDAS vs 0 for COLORADO GLACIERCATS. Shots for this period are 6 for LONG BEACH BARACUDAS vs 9 for COLORADO GLACIERCATS. 2nd period 0:01 of 2nd period - Steven Stamkos wins face-off versus Jordan Staal in neutral zone. 0:16 of 2nd period - Icing by Jordan Oesterle. 0:17 of 2nd period - Patrice Bergeron wins face-off versus Steven Stamkos in LONG BEACH BARACUDAS zone. 0:57 of 2nd period - Shot by Patrice Bergeron. 0:57 of 2nd period - Stopped by Darcy Kuemper without a rebound. 0:58 of 2nd period - Jordan Staal wins face-off versus Sidney Crosby in LONG BEACH BARACUDAS zone. 1:14 of 2nd period - Shot by Sam Reinhart. 1:14 of 2nd period - Shot Misses the Net. 2:08 of 2nd period - Taylor Hall is hit by Jordan Staal and loses puck. 2:33 of 2nd period - Shot by Elias Lindholm. 2:33 of 2nd period - Shot Misses the Net. 2:35 of 2nd period - Shot by Elias Lindholm. 2:35 of 2nd period - Shot Misses the Net. 2:37 of 2nd period - Shot by Steven Stamkos. 2:37 of 2nd period - Deflect By Kyle Connor. 2:37 of 2nd period - Shot Misses the Net. 3:11 of 2nd period - Alex Pietrangelo is hit by Jordan Staal. 3:53 of 2nd period - Shot by Daniel Carr. 3:53 of 2nd period - Stopped by Pekka Rinne with a rebound. 3:55 of 2nd period - Shot by Jordan Oesterle. 3:55 of 2nd period - Stopped by Pekka Rinne without a rebound. 3:56 of 2nd period - Lucas Wallmark wins face-off versus Nolan Patrick in COLORADO GLACIERCATS zone. 4:13 of 2nd period - Icing by Kyle Palmieri. 4:14 of 2nd period - Nolan Patrick wins face-off versus Jay Beagle in LONG BEACH BARACUDAS zone. 4:54 of 2nd period - Shot by Devin Shore. 4:54 of 2nd period - Shot Blocked by Ben Hutton. 5:12 of 2nd period - Shot by Patrice Bergeron. 5:12 of 2nd period - Deflect By Joe Pavelski. 5:12 of 2nd period - Shot Misses the Net. 5:14 of 2nd period - Shot by Patrice Bergeron. 5:14 of 2nd period - Shot Misses the Net. 5:43 of 2nd period - Shot by Joe Pavelski. 5:43 of 2nd period - Shot Blocked by Jordan Oesterle. 6:04 of 2nd period - Shot by Zach Aston-Reese. 6:04 of 2nd period - Stopped by Darcy Kuemper with a rebound. 6:06 of 2nd period - Shot by Ryan Ellis. 6:06 of 2nd period - Stopped by Darcy Kuemper with a rebound. 6:08 of 2nd period - Shot by Paul Byron. 6:08 of 2nd period - Stopped by Darcy Kuemper without a rebound. 6:09 of 2nd period - Lucas Wallmark wins face-off versus Steven Stamkos in LONG BEACH BARACUDAS zone. 6:22 of 2nd period - Shot by Elias Lindholm. 6:22 of 2nd period - Stopped by Pekka Rinne without a rebound. 6:23 of 2nd period - Sidney Crosby wins face-off versus Jay Beagle in COLORADO GLACIERCATS zone. 7:01 of 2nd period - Sidney Crosby is hit by Shea Weber. 8:09 of 2nd period - Off-side. 8:10 of 2nd period - Steven Stamkos wins face-off versus Lucas Wallmark in neutral zone. 8:35 of 2nd period - Lucas Wallmark is hit by Elias Lindholm and loses puck. 8:44 of 2nd period - Shot by Paul Byron. 8:44 of 2nd period - Stopped by Darcy Kuemper without a rebound. 8:45 of 2nd period - Jordan Staal wins face-off